 Dungeon Crawl Stone Soup version 0.28-a0-811-g00180f5fcc (webtiles) character file.

Game seed: 4768026386973991277

369 Decritt the Gusty (level 6, -1/37 HPs)
             Began as a Tengu Air Elementalist on Nov 8, 2021.
             Slain by an orc wizard (4 damage)
             ... on level 4 of the Dungeon.
             The game lasted 00:11:30 (4507 turns).

Decritt the Gusty (Tengu Air Elementalist)          Turns: 4507, Time: 00:11:31

Health: -1/37      AC:  3    Str: 12    XL:     6   Next: 70%
Magic:  10/11      EV: 14    Int: 17    God:
Gold:   141        SH:  0    Dex: 14    Spells: 10/11 levels left

rFire   . . .      SeeInvis .   a - +6 war axe of Hard Scrabble {vorpal, rCorr Str+3}
rCold   . . .      Faith    .   (no shield)
rNeg    . . .      Spirit   .   d - +0 leather armour
rPois   .          Reflect  .   (helmet restricted)
rElec   .          Harm     .   (no cloak)
rCorr   +          Rampage  .   (no gloves)
Will    +....                   (boots unavailable)
Stlth   ++........              (no amulet)
HPRegen 0.12/turn               p - ring of willpower
MPRegen 0.12/turn               (no ring)

@: flying quickly and evasively, quick
A: beak, talons 3, nimble flight
a: no special abilities


You were on level 4 of the Dungeon.
You visited 1 branch of the dungeon, and saw 4 of its levels.

You collected 141 gold pieces.

Inventory:

Hand Weapons
 a - the +6 war axe of Hard Scrabble (weapon) {vorpal, rCorr Str+3}
   (You found it on level 4 of the Dungeon)

   It inflicts extra damage upon your enemies.
   Str:       It affects your strength (+3).
   rCorr:     It protects you from acid and corrosion.
 k - a +4 hunting sling
 l - a +2 morningstar of draining
Missiles
 m - 19 sling bullets
Armour
 d - a +0 leather armour (worn)
 j - a +0 ring mail
 q - a +1 scale mail of willpower
Jewellery
 p - a ring of willpower (left hand)
Wands
 g - a wand of mindburst (11)
 s - a wand of flame (7)
Scrolls
 e - a scroll of holy word {unknown}
 v - a scroll of enchant weapon
Potions
 c - a potion of mutation {unknown}
 f - 4 potions of curing
 h - a potion of berserk rage
 i - 2 potions of haste
 n - a potion of magic {unknown}


   Skills:
 + Level 3.3 Fighting
 - Level 2.1 Dodging
 - Level 2.0 Stealth
 - Level 3.0 Spellcasting
 - Level 3.1 Conjurations
 + Level 7.0 Air Magic


You had 10 spell levels left.
You knew the following spells:

 Your Spells              Type           Power      Damage    Failure   Level
a - Shock                 Conj/Air       76%        1d7       2%          1

Your spell library contained the following spells:

 Spells                   Type           Power      Damage    Failure   Level
 Swiftness                Air            26%        N/A       3%          3
 Static Discharge         Conj/Air       19%        N/A       4%          2
 Airstrike                Air            13%        N/A       12%         4
 Summon Forest            Summ/Tloc      1%         N/A       99%         5
 Summon Mana Viper        Hex/Summ       2%         N/A       99%         5
 Summon Cactus Giant      Summ           1%         N/A       100%        6


Dungeon Overview and Level Annotations

Branches:
Dungeon (4/15)
 Temple: D:4-7

Altars:
Ru

Shops:
D:1 [

Annotations:
D:2 Sigmund
D:4 2 runed translucent doors


Innate Abilities, Weirdness & Mutations

You have a beak for a mouth.
You have claws for feet.
Your magical nature lets you fly swiftly and evasively.


Message History

The zap hits the orc.
The orc is heavily wounded.
The zap hits the orc.
The orc is moderately wounded.
You hit the orc.
You kill the orc!
No target in view!
The zap misses the orc.
The zap hits the orc.
The orc is severely wounded.
Okay, then.
The zap hits the orc.
You kill the orc!
Your Air Magic skill increases to level 7!
You start resting.
A puff of flame appears from out of thin air!
The puff of flame hits you! Something hits you.
* * * LOW HITPOINT WARNING * * *
You miss something. You claw something. Something hits you.
* * * LOW HITPOINT WARNING * * *
You miss something. Your peck misses something. Something barely misses you.
Something hits you.
* * * LOW HITPOINT WARNING * * *
You barely miss something. You peck something.
You hear some strange, mumbled words.
A puff of flame appears from out of thin air!
The puff of flame misses you.
You hit something. Your peck misses something.
Something hits you but does no damage. Something barely misses you.
You closely miss something. You peck something. Something hits you.
* * * LOW HITPOINT WARNING * * *
You miss something. Your peck misses something. Something hits you.
* * * LOW HITPOINT WARNING * * *
Something hits you.
* * * LOW HITPOINT WARNING * * *
You barely miss something. Your peck misses something. Something hits you.
* * * LOW HITPOINT WARNING * * *
You closely miss something. Your kick misses something. Something hits you.
You die...

#o......#...#..* #.#
#...{o..#...#..* #.#
#.####..).).#.#* #.#
#.#,,#..##)##.# #.#
#.#,,+...#..#.# #<###
#.####...#..#.# #.##.
#........####.# ######.##.
#...........).####### #.........
###.#########..{@...####.###...#.
,,#.,,** #####........##......
,,#*,,,** #...########...#.
,,,,,,,,** ##.## ##.##.
,,,,,,,,,* #.# #.### ,,,,,,,,**
****#.#* #.# ,,**,,,** *,,,...*
##+## ,,***,** *,**#..* ##...##
*** *,********,**#..# ##.....#


There were no monsters in sight!

Vanquished Creatures
  A necrophage (D:4)
  A bullfrog skeleton (D:4)
  Jessica (D:2)
  Natasha (thrice) (D:2)
  An orc wizard (D:4)
  4 adders
  2 dart slugs
  9 orcs
  6 ball pythons
  4 bats
  3 endoplasms
  4 giant cockroaches
  11 hobgoblins
  8 jackals
  A quokka (D:1)
  2 frilled lizards
  5 goblins
  12 kobolds
  6 rats
84 creatures vanquished.

Vanquished Creatures (others)
  A plant (D:4)
1 creature vanquished.

Grand Total: 85 creatures vanquished

Notes
Turn   | Place    | Note
-------+----------+-------------------------------------------
     0 | D:1      | Decritt the Tengu Air Elementalist began the quest for the
                  | Orb.
     0 | D:1      | Reached XP level 1. HP: 10/10 MP: 4/4
   113 | D:1      | Found Xiyr Tie's Armour Emporium.
   135 | D:1      | Found a faded altar of an unknown god.
   142 | D:1      | Reached XP level 2. HP: 15/15 MP: 0/6
  1056 | D:2      | Noticed Sigmund
  1107 | D:2      | Reached XP level 3. HP: 19/19 MP: 5/7
  1141 | D:2      | Noticed Jessica
  1146 | D:2      | Killed Jessica
  1371 | D:2      | Reached XP level 4. HP: 21/24 MP: 9/9
  1419 | D:2      | Reached skill level 5 in Air Magic
  1586 | D:2      | Noticed Natasha
  1597 | D:2      | Killed Natasha
  1677 | D:2      | Reached skill level 1 in Fighting
  1694 | D:2      | Gained mutation: Your magical nature lets you fly swiftly
                  | and evasively. [Tengu growth]
  1694 | D:2      | Reached XP level 5. HP: 25/29 MP: 6/10
  2516 | D:2      | Noticed Natasha
  2520 | D:2      | Killed Natasha
  2566 | D:2      | Noticed Natasha
  2570 | D:2      | Killed Natasha
  2571 | D:2      | Reached skill level 6 in Air Magic
  4126 | D:4      | Found a sacrificial altar of Ru.
  4250 | D:4      | Reached XP level 6. HP: 36/36 MP: 11/11
  4309 | D:4      | Identified the +6 war axe of Hard Scrabble {vorpal, rCorr
                  | Str+3}
  4331 | D:4      | Noticed a necrophage
  4341 | D:4      | Killed a necrophage
  4387 | D:4      | Found a large runed translucent door.
  4387 | D:4      | Found a large runed translucent door.
  4395 | D:4      | Noticed an ice beast
  4494 | D:4      | Reached skill level 7 in Air Magic
  4507 | D:4      | Slain by an orc wizard

Illustrated notes

Levels and vault maps discovered:
D:1:      giann_horns, layout_basic, serial_shops, shop,
          ebering_ecumenical_altar_webs
D:2:      layout_loops_ring, serial_rivers, chequers_serial_rivers_micro_b,
          chequers_serial_rivers_micro_d, chequers_serial_rivers_micro_d,
          chequers_serial_rivers_micro_c, chequers_serial_rivers_large_b,
          minmay_misc_feat_hallway, uniq_natasha, uniq_sigmund, uniq_jessica
D:3:      layout_rooms
D:4:      corexii_shack_village, layout_loops_corners,
          nicolae_ru_sacrificial_ziggurat, serial_shops, shop,
          minmay_hollow_rounded_squares

Skill      XL: |  1  2  3  4  5  6 |
---------------+-------------------+-----
Conjurations   | 2 3 |  3.1
Air Magic      | 5 6 7 |  7.0
Spellcasting   | 3 |  3.0
Fighting       | 1 2 3 |  3.3
Dodging        | |  2.1
Stealth        | |  2.0

Action                   |  1- 3 |  4- 6 || total
-------------------------+-------+-------++-------
Melee: Dagger            |    26 |       ||    26
       Kick              |     6 |     3 ||     9
       Unarmed           |     1 |       ||     1
       Peck              |     6 |     3 ||     9
       War axe           |       |    13 ||    13
 Fire: Hunting sling     |    15 |    64 ||    79
 Cast: Shock             |    26 |    83 ||   109
  Use: Scroll            |       |    10 ||    10
Armor: Leather armour    |     2 |    16 ||    18
Dodge: Dodged            |    13 |    75 ||    88

Table legend: (Time is in decaauts)
 A = Elapsed time spent in this place.
 B = Non-inter-level travel time spent in this place.
 C = Inter-level travel time spent in this place.
 D = Time resting spent in this place.
 E = Time spent auto-exploring this place.
 F = Levels seen in this place.
 G = Mean time per level.
                   A        B        C        D        E       F      G
               +--------+--------+--------+--------+--------+-----+--------+
         Total |   4479 |   4416 |     63 |   1689 |   2041 |   4 | 1119.8 |
       Dungeon |   4479 |   4416 |     63 |   1689 |   2041 |   4 | 1119.8 |
               +--------+--------+--------+--------+--------+-----+--------+

Top non-repeatable levels by time:
     D:2: 1911 daAuts
     D:1: 1102 daAuts
     D:4: 848 daAuts
     D:3: 617 daAuts
